Map: Abyssal Reef LE

Players

Juxtapose - Winner!

  • Race: Zerg Zerg
  • League: Silver
  • Spawn Location: 5:00

Dionysus

  • Race: Protoss Protoss
  • League: Silver
  • Spawn Location: 11:00

VOD

https://youtu.be/OZ_JpcntdXg

Description

I was quite happy to be matched up against an opponent in my own League again. He went for a good bit of static defence, and in retrospect I could likely have pushed in much sooner than I did, but that just made for a longer, more fun match.

I overall didn't play my best either, I know I'm capable of better, but I expanded alright this game and did a good job on Creep spread.

Time

  • Played on: July 27, 2017, 8:12 p.m.
  • Length: 17:45
Show
View Real Time Build Order
Export as new Build Order

Juxtapose Zerg - Winner!

Build Orders: Pool First 

Get SALT Encoding   

  12  0:01  Drone  
  13  0:14  Overlord  
  13  0:17  Drone  
  14  0:33  Drone  
  14  0:34  Drone  
  16  0:44  Spawning Pool  
  16  0:47  Drone  
  16  0:59  Overlord  
  16  1:00  Drone  
  17  1:08  Drone  
  18  1:16  Extractor  
  17  1:22  Drone  
  18  1:31  Queen, Zergling x2  
  21  1:43  Drone  
  22  2:03  Drone x2  
  24  2:16  Extractor  
  24  2:18  Roach Warren  
  21  2:25  Drone  
  22  2:33  Lair  
  22  2:36  Hatchery  
  21  2:54  Drone x5  
  26  3:13  Zergling x4  
  28  3:26  Evolution Chamber  
  27  3:35  Roach  
  27  3:36  Overlord  
  27  3:37  Overlord  
  27  3:38  Glial Reconstitution  
  27  3:40  Metabolic Boost  
  29  3:47  Queen  
  31  3:52  Zerg Missile Weapons Level 1  
  31  4:02  Drone x2  
  33  4:21  Roach x6  
  33  4:22  Roach  
  47  4:32  Queen  
  49  4:39  Drone x2  
  49  4:41  Drone  
  52  4:49  Overlord  
  52  4:57  Overlord  
  49  5:25  Drone x5  
  49  5:27  Roach x3  
  49  5:28  Roach x3  
  66  5:31  Ravager  
  67  5:44  Overlord x2  
  67  6:01  Zerg Ground Armor Level 1  
  67  6:03  Burrow  
  67  6:07  Ravager  
  68  6:12  Drone x5  
  68  6:16  Extractor  
  72  6:19  Extractor  
  71  6:29  Hatchery  
  70  6:36  Ravager  
  71  6:43  Hydralisk Den  
  70  6:47  Drone x4  
  74  7:04  Zergling x12  
  74  7:05  Zergling x2  
  81  7:14  Pneumatized Carapace  
  81  7:17  Drone x2  
  83  7:29  Overlord x4  
  83  7:30  Overlord  
  83  7:40  Queen  
  85  7:44  Drone x4  
  85  7:46  Overlord x3  
  89  7:51  Muscular Augments  
  87  8:18  Roach x2, Hydralisk x3  
  87  8:19  Roach, Hydralisk x3  
  100  8:43  Drone  
  100  8:44  Drone  
  102  8:55  Zerg Missile Weapons Level 2, Spire  
  99  9:09  Lurker Den  
  99  9:15  Hydralisk x2  
  99  9:16  Hydralisk x6  
  103  10:15  Hydralisk x2  
  103  10:16  Hydralisk x8  
  103  10:17  Infestation Pit  
  103  10:18  Drone x5  
  103  10:20  Zerg Flyer Weapons Level 1  
  123  10:23  Ravager  
  122  10:34  Overseer x2  
  122  10:35  Overseer  
  119  10:55  Drone  
  119  10:56  Drone  
  121  10:59  Extractor  
  121  11:01  Extractor  
  121  11:04  Queen  
  119  11:10  Zerg Ground Armor Level 2  
  121  11:28  Corruptor x3  
  121  11:29  Corruptor  
  121  11:30  Overlord  
  121  11:31  Overlord x4  
  129  11:34  Zergling x6  
  132  12:18  Hive  
  132  12:25  Hatchery  
  125  13:14  Roach x4, Hydralisk x3  
  125  13:15  Roach, Hydralisk x3  
  125  13:16  Roach, Hydralisk x6  
  134  13:39  Greater Spire  
  130  13:42  Queen  
  130  13:43  Queen  
  134  13:56  Queen  
  136  14:08  Drone x3  
  139  14:11  Zerg Missile Weapons Level 3  
  139  14:17  Queen  
  139  14:19  Queen, Drone x3  
  146  14:25  Zergling x8  
  146  14:26  Zergling x6  
  153  14:32  Queen  
  153  14:34  Extractor  
  153  14:37  Extractor  
  143  15:02  Brood Lord  
  145  15:09  Brood Lord x2  
  145  15:10  Brood Lord  
  139  15:58  Drone x2  
  139  15:59  Drone  
  140  16:29  Drone x3  
  143  16:38  Zergling x14  
  143  16:39  Zergling x14  
Show
View Real Time Build Order
Export as new Build Order

Dionysus Protoss 

Build Orders:  

Get SALT Encoding   

  12  0:04  Probe (Chrono Boost)  
  13  0:14  Probe (Chrono Boost)  
  14  0:24  Pylon  
  14  0:25  Probe (Chrono Boost)  
  15  0:42  Probe (Chrono Boost)  
  16  0:47  Forge  
  16  0:53  Probe (Chrono Boost)  
  17  1:00  Gateway  
  17  1:06  Probe (Chrono Boost)  
  18  1:12  Pylon  
  18  1:17  Probe (Chrono Boost)  
  19  1:24  Gateway  
  19  1:35  Photon Cannon  
  19  1:51  Photon Cannon  
  19  1:52  Cybernetics Core  
  19  1:54  Probe (Chrono Boost), Assimilator  
  19  2:00  Zealot  
  22  2:35  Nexus  
  22  2:41  Photon Cannon  
  22  2:50  Zealot  
  24  2:55  Warp Gate  
  24  2:56  Pylon  
  25  2:58  Probe (Chrono Boost)  
  25  3:08  Zealot  
  25  3:09  Probe (Chrono Boost)  
  28  3:17  Stalker  
  30  3:33  Gateway  
  30  3:36  Pylon  
  30  3:41  Assimilator  
  30  3:43  Probe (Chrono Boost)  
  30  3:48  Probe (Chrono Boost)  
  32  3:53  Probe (Chrono Boost)  
  32  3:54  Protoss Ground Weapons Level 1 (Chrono Boost)  
  33  4:05  Probe  
  34  4:12  Gateway  
  34  4:15  Photon Cannon  
  34  4:18  Probe  
  34  4:20  Probe  
  36  4:29  Probe  
  37  4:32  Probe  
  37  4:34  Photon Cannon  
  38  4:39  Zealot  
  38  4:41  Sentry  
  38  4:42  Sentry  
  44  4:57  Photon Cannon  
  44  4:58  Pylon  
  44  5:00  Probe  
  44  5:01  Probe  
  46  5:10  Probe  
  46  5:13  Probe  
  46  5:18  Photon Cannon  
  46  5:21  Probe  
  41  5:36  Protoss Ground Armor Level 1 (Chrono Boost)  
  41  5:37  Pylon  
  41  5:40  Photon Cannon  
  41  5:45  Photon Cannon  
  41  5:46  Probe  
  41  5:48  Mothership Core, Photon Cannon  
  44  5:57  Probe  
  44  6:03  Stargate  
  45  6:07  Pylon  
  45  6:10  Protoss Air Weapons Level 1, Photon Cannon  
  45  6:24  Photon Cannon  
  45  6:31  Photon Cannon  
  45  6:35  Photon Cannon  
  45  6:36  Pylon  
  45  6:38  Probe, Assimilator  
  45  6:40  Assimilator  
  46  6:47  Phoenix  
  46  6:49  Probe  
  49  6:59  Probe  
  49  7:00  Photon Cannon  
  50  7:03  Twilight Council  
  50  7:06  Stalker x2  
  54  7:10  Probe, Zealot  
  54  7:12  Zealot  
  59  7:32  Pylon  
  59  7:39  Phoenix  
  61  7:51  Zealot x3  
  61  7:52  Zealot  
  69  8:02  Gateway  
  69  8:03  Phoenix  
  71  8:07  Gateway  
  71  8:12  Dark Shrine  
  71  8:17  Zealot  
  71  8:18  Zealot x2  
  65  8:22  Zealot  
  67  9:02  Photon Cannon  
  59  9:10  Zealot  
  59  9:11  Zealot x3  
  67  9:17  Stalker  
  67  9:18  Stalker  
  71  9:30  Protoss Ground Weapons Level 2 (Chrono Boost)  
  71  9:39  Dark Templar  
  54  9:53  Zealot  
  54  9:54  Zealot x4  
  54  9:59  Charge  
  64  10:06  Pylon  
  42  10:15  Stalker x2  
  42  10:17  Zealot x2  
  42  10:18  Zealot x2  
  54  10:44  Mothership Core  
  56  10:51  Void Ray  
  60  11:04  Probe  
  59  11:14  Probe  
  60  11:20  Nexus  
  60  11:21  Dark Templar x2  
  60  11:24  Assimilator  
  60  11:25  Probe, Zealot  
  66  11:26  Zealot  
  66  11:27  Assimilator  
  66  11:28  Protoss Ground Armor Level 2 (Chrono Boost)  
  66  11:29  Pylon  
  66  11:32  Pylon  
  69  11:43  Nexus  
  69  11:45  Assimilator  
  69  11:49  Robotics Facility, Assimilator  
  69  11:53  Pylon  
  69  12:05  Dark Templar x2  
  72  12:16  Zealot x3  
  78  12:26  Void Ray  
  80  12:46  Zealot x2  
  83  12:52  Zealot  
  85  13:04  Probe  
  86  13:09  Phoenix  
  82  13:14  Probe  
  82  13:18  Stalker  
  85  13:25  Probe  
  85  13:26  Protoss Shields Level 1 (Chrono Boost)  
  60  13:35  Probe  
  53  13:45  Observer  
  53  13:46  Probe  
  53  13:57  Robotics Bay  
  53  14:03  Robotics Facility  
  53  14:05  Photon Cannon  
  53  14:15  Photon Cannon  
  53  14:19  Mothership Core, Photon Cannon  
  49  14:38  Probe, Pylon  
  49  14:41  Stalker x2  
  52  14:46  Zealot  
  52  14:49  Probe  
  44  15:03  Dark Shrine  
  44  15:06  Forge  
  35  15:32  Dark Templar  
  33  15:48  Gateway  
  33  15:52  Gateway  
  33  15:59  Pylon  
  20  16:23  Gateway  
  20  16:24  Gateway  
  20  16:26  Photon Cannon  
  20  16:28  Photon Cannon  
  20  16:30  Photon Cannon  
  20  16:37  Photon Cannon  
  20  16:45  Photon Cannon  
Tags
 
Add a new tag
Caveats
  • Supply blocks, unpowered buildings, or Contaminate may cause inaccurate times.
  • Supply counts are checked every 10 seconds.